3AAA
PORT ROYAL DISASTER @ SIOUX FALLS RED PANDAS
06/08/2034
 
TOP OF THE 1ST
Port Royal Disaster batting - Pitching for Sioux Falls Red Pandas : RHP Domingo Velasco
Pitching: RHP Domingo Velasco
Batting: RHB Manuel Becerra 0-0: Called Strike
0-1: Ball
1-1: Foul Ball, location: 2F
1-2: Strikes out swinging
Batting: SHB Júlio Morín Jr. 0-0: Ball
1-0: Fly out, F7 (Flyball, 7LMF)
Batting: LHB Guillermo Arellano 0-0: Fly out, F9 (Line Drive, 9D)
Top of the 1st over - 0 runs, 0 hits, 0 errors, 0 left on base; Port Royal 0 - Sioux Falls 0
BOTTOM OF THE 1ST
Sioux Falls Red Pandas batting - Pitching for Port Royal Disaster : RHP Jim Sison
Pitching: RHP Jim Sison
Batting: RHB Juanito González 0-0: Ball
1-0: SINGLE (Line Drive, 7LS)
Batting: RHB Steve Irwin 0-0: Called Strike
0-1: Ball
1-1: Grounds into double play, 1-4-3 (Groundball, 15)
Batting: LHB Adrian McCoy 0-0: Foul Ball, location: 2F
0-1: Ball
1-1: Ball
2-1: Foul Ball, location: 2F
2-2: Ball
3-2: Fly out, F8 (Flyball, 89M)
Bottom of the 1st over - 0 runs, 1 hit, 0 errors, 0 left on base; Port Royal 0 - Sioux Falls 0
TOP OF THE 2ND
Port Royal Disaster batting - Pitching for Sioux Falls Red Pandas : RHP Domingo Velasco
Batting: RHB John Burton 0-0: Ball
1-0: Swinging Strike
1-1: Ball
2-1: Swinging Strike
2-2: Ball
3-2: Strikes out looking
Batting: RHB Anson Darrah 0-0: Fly out, F9 (Flyball, 89M)
Batting: RHB Wrangler Haresnape 0-0: Ball
1-0: Called Strike
1-1: Ball
2-1: Called Strike
2-2: Ground out 5-3 (Groundball, 56)
Top of the 2nd over - 0 runs, 0 hits, 0 errors, 0 left on base; Port Royal 0 - Sioux Falls 0
BOTTOM OF THE 2ND
Sioux Falls Red Pandas batting - Pitching for Port Royal Disaster : RHP Jim Sison
Batting: RHB Gary Chalmers 0-0: SINGLE (Flyball, 8RS)
Batting: LHB Yun Yen 0-0: Ball
1-0: Ball
2-0: Ball
3-0: Called Strike
3-1: Base on Balls
Gary Chalmers to second
Batting: RHB Miguel Morán 0-0: SINGLE (Groundball, 56D)
Gary Chalmers to third
Yun Yen to second
Batting: SHB Kilipaki Malamapono 0-0: Ground out 4-3 (Groundball, 34D)
Gary Chalmers scores
Yun Yen to third
Miguel Morán to second
Batting: RHB Wilfred McLaughlin 0-0: Foul Ball, location: 2F
0-1: Ball
1-1: Swinging Strike
Passed Ball!
Yun Yen scores
Miguel Morán to third
1-2: Foul Ball, location: 2F
1-2: Fly out, F9 (Line Drive, 89D)
Runner from 3rd tags up, SCORES, no throw
Batting: RHB Bryant Skelly 0-0: Ball
1-0: Called Strike
1-1: Ground out 2-3 (Groundball, 15S)
Bottom of the 2nd over - 3 runs, 2 hits, 0 errors, 0 left on base; Port Royal 0 - Sioux Falls 3
TOP OF THE 3RD
Port Royal Disaster batting - Pitching for Sioux Falls Red Pandas : RHP Domingo Velasco
Batting: RHB Michael Brannon 0-0: Ball
1-0: Foul Ball, location: 2F
1-1: Called Strike
1-2: SINGLE (Groundball, 34S) (infield hit)
Pinch Runner at 1st Phil Minor:
Batting: RHB Richard Cutshall 0-0: Ball
1-0: Called Strike
1-1: Foul Ball, location: 2F
1-2: Foul Ball, location: 2F
1-2: Grounds into double play, 6-4-3 (Groundball, 6)
Batting: RHB Steve Bock 0-0: Called Strike
0-1: Ground out 4-3 (Groundball, 4M)
Top of the 3rd over - 0 runs, 1 hit, 0 errors, 0 left on base; Port Royal 0 - Sioux Falls 3
BOTTOM OF THE 3RD
Sioux Falls Red Pandas batting - Pitching for Port Royal Disaster : RHP Jim Sison
Batting: RHB Juanito González 0-0: Swinging Strike
0-1: Ball
1-1: Ball
2-1: SINGLE (Line Drive, 7S)
Batting: RHB Steve Irwin 0-0: Ball
1-0: Called Strike
Juanito González steals 2nd base
1-1: Fly out, F7 (Flyball, 7LS)
Batting: LHB Adrian McCoy 0-0: Ball
1-0: Ball
2-0: Called Strike
2-1: Foul Ball, location: 2F
2-2: Foul Ball, location: 2F
2-2: Foul Ball, location: 2F
2-2: Ball
3-2: Ground out U3 (Groundball, 3)
Juanito González to third
Batting: RHB Gary Chalmers 0-0: Ball
1-0: Ball
2-0: Called Strike
2-1: Fly out, F7 (Line Drive, 7)
Bottom of the 3rd over - 0 runs, 1 hit, 0 errors, 1 left on base; Port Royal 0 - Sioux Falls 3
TOP OF THE 4TH
Port Royal Disaster batting - Pitching for Sioux Falls Red Pandas : RHP Domingo Velasco
Batting: RHB Manuel Becerra 0-0: Foul Ball, location: 2F
0-1: Ground out 5-3 (Groundball, 56)
Batting: SHB Júlio Morín Jr. 0-0: Ball
1-0: Foul Ball, location: 2F
1-1: Called Strike
1-2: Ground out 1-4-3 (Groundball, 15S)
Batting: LHB Guillermo Arellano 0-0: Called Strike
0-1: Ball
1-1: Ball
2-1: Called Strike
2-2: Foul Ball, location: 2F
2-2: Strikes out swinging
Top of the 4th over - 0 runs, 0 hits, 0 errors, 0 left on base; Port Royal 0 - Sioux Falls 3
BOTTOM OF THE 4TH
Sioux Falls Red Pandas batting - Pitching for Port Royal Disaster : RHP Jim Sison
Batting: LHB Yun Yen 0-0: Ball
1-0: Foul Ball, location: 2F
1-1: Ball
2-1: Foul Ball, location: 2F
2-2: Ball
3-2: Foul Ball, location: 2F
3-2: Ground out 4-3 (Groundball, 4)
Batting: RHB Miguel Morán 0-0: Foul Ball, location: 2F
0-1: Hit by Pitch
Pinch Runner at 1st Ramón Félix:
Batting: SHB Kilipaki Malamapono 0-0: Called Strike
0-1: Ball
1-1: DOUBLE (Flyball, 8LXD)
Ramón Félix to third
Batting: RHB Wilfred McLaughlin 0-0: Ball
1-0: SINGLE (Groundball, 4MD)
Ramón Félix scores
Kilipaki Malamapono to third
Runner from 3rd tries for Home, SAFE, no throw
Batting: RHB Bryant Skelly 0-0: Called Strike
0-1: Ground out 6-3 (Groundball, 6S)
Wilfred McLaughlin to second
Batting: RHB Juanito González 0-0: Ball
1-0: Ball
2-0: Called Strike
2-1: Ball
3-1: Reached on error, E5 (Groundball, 5)
Wilfred McLaughlin to third
Batting: RHB Steve Irwin 0-0: Ball
1-0: Called Strike
1-1: DOUBLE (Line Drive, 78D)
Wilfred McLaughlin scores
Juanito González to third
Runner from 3rd tries for Home, SAFE, no throw
Batting: LHB Adrian McCoy 0-0: Called Strike
0-1: Ball
1-1: Fly out, F9 (Flyball, 89D)
Bottom of the 4th over - 4 runs, 3 hits, 1 error, 1 left on base; Port Royal 0 - Sioux Falls 7
TOP OF THE 5TH
Port Royal Disaster batting - Pitching for Sioux Falls Red Pandas : RHP Domingo Velasco
Now in RF: Ramón Félix
Batting: RHB John Burton 0-0: Fly out, F7 (Flyball, 7LD)
Batting: RHB Anson Darrah 0-0: Called Strike
0-1: Called Strike
0-2: Fly out, F6 (Popup, 6MS)
Batting: RHB Wrangler Haresnape 0-0: Ball
1-0: Called Strike
1-1: Fly out, F9 (Flyball, 9D)
Top of the 5th over - 0 runs, 0 hits, 0 errors, 0 left on base; Port Royal 0 - Sioux Falls 7
BOTTOM OF THE 5TH
Sioux Falls Red Pandas batting - Pitching for Port Royal Disaster : RHP Jim Sison
Batting: RHB Gary Chalmers 0-0: Foul Ball, location: 2F
0-1: Foul Ball, location: 2F
0-2: Ground out 6-3 (Groundball, 6)
Batting: LHB Yun Yen 0-0: Ground out 4-3 (Groundball, 4)
Batting: LHB Ramón Félix 0-0: Foul Ball, location: 2F
0-1: Swinging Strike
0-2: Foul Ball, location: 2F
0-2: Ball
1-2: Strikes out swinging
Bottom of the 5th over - 0 runs, 0 hits, 0 errors, 0 left on base; Port Royal 0 - Sioux Falls 7
TOP OF THE 6TH
Port Royal Disaster batting - Pitching for Sioux Falls Red Pandas : RHP Domingo Velasco
Batting: LHB Phil Minor 0-0: Foul Ball, location: 2F
0-1: Foul Ball, location: 2F
0-2: Ball
1-2: Fly out, F9 (Flyball, 9S)
Batting: RHB Richard Cutshall 0-0: Ground out 6-3 (Groundball, 56)
Batting: RHB Steve Bock 0-0: Foul Ball, location: 2F
0-1: Foul Ball, location: 2F
0-2: Ball
1-2: Ball
2-2: Ground out 6-3 (Groundball, 6)
Top of the 6th over - 0 runs, 0 hits, 0 errors, 0 left on base; Port Royal 0 - Sioux Falls 7
BOTTOM OF THE 6TH
Sioux Falls Red Pandas batting - Pitching for Port Royal Disaster : RHP Jim Sison
Batting: SHB Kilipaki Malamapono 0-0: Foul Ball, location: 2F
0-1: Ball
1-1: Ball
2-1: Foul Ball, location: 2F
2-2: Strikes out looking
Batting: RHB Wilfred McLaughlin 0-0: Ball
1-0: Called Strike
1-1: Fly out, F2 (Popup, 23F)
Batting: RHB Bryant Skelly 0-0: Ball
1-0: Ground out 5-3 (Groundball, 56)
Bottom of the 6th over - 0 runs, 0 hits, 0 errors, 0 left on base; Port Royal 0 - Sioux Falls 7
TOP OF THE 7TH
Port Royal Disaster batting - Pitching for Sioux Falls Red Pandas : RHP Domingo Velasco
Batting: RHB Manuel Becerra 0-0: Ball
1-0: Called Strike
1-1: Ball
2-1: Ball
3-1: Called Strike
3-2: Base on Balls
Pitching: RHP Curt Wright
Batting: SHB Júlio Morín Jr. 0-0: Called Strike
0-1: Called Strike
0-2: Strikes out swinging
Batting: LHB Guillermo Arellano 0-0: Ball
1-0: Ball
2-0: Ball
3-0: Base on Balls
Manuel Becerra to second
Batting: RHB John Burton 0-0: Called Strike
0-1: DOUBLE (Line Drive, 9D)
Manuel Becerra scores
Guillermo Arellano to third
Runner from 3rd tries for Home, SAFE, no throw
Batting: RHB Anson Darrah 0-0: Foul Ball, location: 2F
0-1: Swinging Strike
0-2: Strikes out swinging
Batting: RHB Wrangler Haresnape 0-0: Ball
1-0: Foul Ball, location: 2F
1-1: SINGLE (Groundball, 6D)
John Burton to third
Runner from 3rd tries for Home, SAFE, no throw
Batting: LHB Phil Minor 0-0: Ground out U3 (Groundball, 3L)
Top of the 7th over - 3 runs, 2 hits, 0 errors, 1 left on base; Port Royal 3 - Sioux Falls 7
BOTTOM OF THE 7TH
Sioux Falls Red Pandas batting - Pitching for Port Royal Disaster : RHP Jim Sison
Pitching: LHP Magnus Scheving
Batting: RHB Juanito González 0-0: Foul Ball, location: 2F
0-1: SINGLE (Groundball, 56) (infield hit)
Batting: RHB Steve Irwin 0-0: Ball
1-0: Foul Ball, location: 2F
1-1: Called Strike
1-2: Strikes out swinging
Batting: LHB Adrian McCoy 0-0: Called Strike
0-1: Ball
1-1: Ball
2-1: Ball
3-1: Foul Ball, location: 2F
3-2: Ground out 4-3 (Groundball, 34D)
Juanito González to second
Batting: RHB Gary Chalmers 0-0: Called Strike
0-1: Ball
1-1: Swinging Strike
1-2: Strikes out swinging
Bottom of the 7th over - 0 runs, 1 hit, 0 errors, 1 left on base; Port Royal 3 - Sioux Falls 7
TOP OF THE 8TH
Port Royal Disaster batting - Pitching for Sioux Falls Red Pandas : RHP Curt Wright
Batting: RHB Richard Cutshall 0-0: Swinging Strike
0-1: Called Strike
0-2: Strikes out looking
Batting: RHB Steve Bock 0-0: Ball
1-0: SINGLE (Groundball, 56D)
Batting: RHB Manuel Becerra 0-0: Called Strike
0-1: Foul Ball, location: 2F
0-2: Foul Ball, location: 2F
0-2: Ball
1-2: Foul Ball, location: 2F
1-2: Ball
2-2: Ball
3-2: Ground out 5-3 (Groundball, 56S)
Steve Bock to second
Batting: SHB Júlio Morín Jr. 0-0: SINGLE (Flyball, 7LS) - OUT at second base trying to stretch hit.
Steve Bock scores
Top of the 8th over - 1 run, 2 hits, 0 errors, 0 left on base; Port Royal 4 - Sioux Falls 7
BOTTOM OF THE 8TH
Sioux Falls Red Pandas batting - Pitching for Port Royal Disaster : LHP Magnus Scheving
Batting: LHB Yun Yen 0-0: Ball
1-0: Ball
2-0: Called Strike
2-1: Foul Ball, location: 2F
2-2: Fly out, F2 (Popup, 2LF)
Batting: LHB Ramón Félix 0-0: Ball
1-0: Called Strike
1-1: SINGLE (Line Drive, 34D)
Batting: SHB Kilipaki Malamapono 0-0: Ball
1-0: Ball
2-0: Ball
3-0: Base on Balls
Ramón Félix to second
Batting: RHB Wilfred McLaughlin 0-0: Fly out, F7 (Flyball, 7S)
Batting: RHB Bryant Skelly 0-0: Called Strike
0-1: Ball
1-1: Ball
2-1: DOUBLE (Line Drive, 89D)
Ramón Félix scores
Kilipaki Malamapono to third
Runner from 3rd tries for Home, SAFE, throw made at trailing runner, OUT at third!
Bottom of the 8th over - 2 runs, 2 hits, 0 errors, 0 left on base; Port Royal 4 - Sioux Falls 9
TOP OF THE 9TH
Port Royal Disaster batting - Pitching for Sioux Falls Red Pandas : RHP Curt Wright
Now at C: Martinus Xhaka
Now at SS: António Granados
Now in LF: Restin P. Surambe
Batting: LHB Guillermo Arellano 0-0: Ball
1-0: Foul Ball, location: 2F
1-1: Ball
2-1: SINGLE (Line Drive, 34D)
Batting: RHB John Burton 0-0: Swinging Strike
0-1: Ball
1-1: Called Strike
1-2: Reached on error, E5 (Groundball, 56)
Guillermo Arellano to second
Batting: RHB Anson Darrah 0-0: Fly out, F8 (Flyball, 8LXD)
Runner from 2nd tags up, SAFE at 3rd, no throw
Batting: RHB Wrangler Haresnape 0-0: Ball
1-0: Fly out, F8 (Flyball, 89M)
Runner from 3rd tags up, SCORES, no throw
Pitching: RHP Ricardo Gómez
Batting: LHB Phil Minor 0-0: Called Strike
0-1: Called Strike
0-2: Ball
1-2: Ball
2-2: Strikes out swinging
Top of the 9th over - 1 run, 1 hit, 1 error, 1 left on base; Port Royal 5 - Sioux Falls 9
Friday, March 29th, 2019 - OOTP Baseball 18.8 Build 76